 Dungeon Crawl Stone Soup version 0.32-a0-893-gf85d74f360 (webtiles) character file.

Game seed: 17548071634038909579

1634 pokedragonboy the Destroyer (level 8, -1/41 HPs)
             Began as a Tengu Air Elementalist on Apr 3, 2024.
             Slain by Duvessa
             ... wielding a +0 short sword
              (15 damage)
             ... on level 5 of the Dungeon.
             The game lasted 00:23:06 (5752 turns).

pokedragonboy the Destroyer (TeAE)                  Turns: 5752, Time: 00:23:06

Health: -1/41      AC:  2    Str: 10    XL:     8   Next: 98%
Magic:  8/16       EV: 17    Int: 17    God:
Gold:   166        SH:  0    Dex: 14    Spells: 7/17 levels left

rFire   . . .        a - staff of air
rCold   . . .        (no shield)
rNeg    . . .        i - +0 robe
rPois   .            (helmet restricted)
rElec   +            (no cloak)
rCorr   .            (no gloves)
SInv    .            (boots unavailable)
Will    .....        d - amulet of magic regeneration
Stlth   ++           s - +4 ring of slaying
HPRegen 0.26/turn    (no ring)
MPRegen 0.55/turn

%: acrobat
@: swift, flying, very quick
A: beak, talons 3, evasive flight, acrobatic
a: no special abilities


You were on level 5 of the Dungeon.
You visited 1 branch of the dungeon, and saw 5 of its levels.

You collected 236 gold pieces.
You spent 70 gold pieces at shops.

Inventory:

Hand Weapons
 b - a +2 dagger of freezing
 q - a +0 short sword
Armour
 i - a +0 robe (worn)
 n - the +4 ring mail "Fown" {rElec Regen+ Str+2 Dex+2}
   (You found it on level 3 of the Dungeon)

   Str+2:     It affects your strength (+2).
   Dex+2:     It affects your dexterity (+2).
   rElec:     It insulates you from electricity.
   Regen+:    It increases your rate of health regeneration.
Magical Staves
 a - a staff of air (weapon)
 g - a staff of alchemy
Jewellery
 d - an amulet of magic regeneration (around neck)
 s - a +4 ring of slaying (left hand)
 u - a ring of fire
Wands
 e - a wand of iceblast (9)
Scrolls
 h - 2 scrolls of blinking
 j - 2 scrolls of teleportation
 l - 2 scrolls of amnesia
 m - a scroll of immolation {unknown}
 r - a scroll of revelation
Potions
 c - a potion of magic
 f - 3 potions of mutation
 k - a potion of brilliance
 o - 3 potions of might
 p - a potion of heal wounds
 t - a potion of cancellation {unknown}
 v - 2 potions of curing
 w - a potion of attraction {unknown}


   Skills:
 - Level 5.0 Dodging
 - Level 2.0 Stealth
 + Level 5.1 Spellcasting
 * Level 8.7 Conjurations
 - Level 2.0 Fire Magic
 + Level 7.9 Air Magic


You had 7 spell levels left.
You knew the following spells:

 Your Spells              Type           Power      Damage    Failure   Level
a - Shock                 Conj/Air       100%       1d9       1%          1
b - Static Discharge      Conj/Air       98%        3-8/arc   1%          2
c - Airstrike             Air            23%        2d(4-20)  5%          4
d - Swiftness             Air            47%        N/A       1%          3

Your spell library contained the following spells:

 Spells                   Type           Power      Damage    Failure   Level
 Ensorcelled Hibernation  Hex/Ice        8%         N/A       22%         2
 Vhi's Electric Charge    Tloc/Air       52%        N/A       26%         4
 Inner Flame              Hex/Fire       7%         N/A       28%         3
 Volatile Blastmotes      Fire/Tloc      14%        2d11      28%         3
 Call Canine Familiar     Summ           4%         N/A       38%         3
 Fugue of the Fallen      Necr           4%         N/A       38%         3
 Passwall                 Erth           4%         N/A       38%         3
 Sigil of Binding         Hex            4%         N/A       38%         3
 Irradiate                Conj/Alch      9%         3d14      54%         5
 Anguish                  Hex/Necr       2%         N/A       80%         4
 Dimensional Bullseye     Hex/Tloc       2%         N/A       80%         4
 Bombard                  Conj/Erth      9%         9d2       98%         6
 Ignition                 Fire           5%         3d4       100%        8


Dungeon Overview and Level Annotations

Branches:
Dungeon (5/15)
 Temple: D:4-7

Altars:
Makhleb
Yredelemnul

Shops:
D:4 !

Annotations:
D:5 Duvessa


Innate Abilities, Weirdness & Mutations

You have a beak for a mouth.
You have claws for feet.
Your magical flight helps you evade attacks. (EV +4)
You can magically evade attacks while moving or waiting.


Message History

You feel a surge of power!
Duvessa is struck by an arc of lightning.
Duvessa is lightly wounded.
You resist.
You are struck by an arc of lightning.
The lightning grounds out.
Duvessa says, "When magic and the sword combine, nothing stands against them."
Duvessa barely misses you.
Casting: Static Discharge (safe; 1% risk of failure)
Confirm with . or Enter, or press ? or * to list all spells.
You feel a surge of power!
Duvessa is struck by an arc of lightning.
Duvessa is moderately wounded.
Dowan is struck by an arc of lightning!
Dowan is severely wounded.
Duvessa is struck by an arc of lightning.
Duvessa is heavily wounded.
Dowan is struck by an arc of lightning!
You kill Dowan!
Duvessa screams in rage.
Duvessa goes berserk!
Duvessa is struck by an arc of lightning.
Duvessa is heavily wounded.
The lightning grounds out.
Duvessa barely misses you.
Casting: Static Discharge (safe; 1% risk of failure)
Confirm with . or Enter, or press ? or * to list all spells.
You feel a surge of power!
You feel quick. Duvessa closely misses you.
Duvessa hits you with a +0 short sword!
Duvessa rages.
Your magical contamination has completely faded away.
Duvessa rages.
Duvessa attacks as she pursues you! Duvessa completely misses you.
Casting: Swiftness (safe; 1% risk of failure)
Confirm with . or Enter, or press ? or * to list all spells.
Aiming: Airstrike (dangerous; 5% risk of failure)
Press: ? - help, Dir - move target, f - Duvessa
Aim: Duvessa, wielding a +0 short sword and wearing a +0 chain mail (heavily wounded, berserk, empty space bonus: 7/8)
You feel a surge of power!
The air twists around and strikes Duvessa!
Duvessa is severely wounded.
Duvessa hits you with a +0 short sword. Duvessa hits you with a +0 short sword!
You die...

*,*******************,**,*
*,* *,**,* *,*
###############.##,## *,*
#.........#####.##,#.
##.#####.........#####...,#.
#......#.........##########.
*****#)#....................
#.#.........#.#........
#.#..e@................
#.#........<...>....##.
#...###.#...#)#.#....#.
#######...#.#.#...#..#.
****####.#.#.#........
*,,,...#.#.#.#..#####.
*,*,...#.#.#)#........
*,*,####.#.#.#........
*,*,.....#.#.#........


You could see Duvessa (berserk).

Vanquished Creatures
  The ghost of ezpacito the Trooper, an amateur CoCK of Xom (D:4)
  Prince Ribbit (D:5)
  Sigmund (D:2)
  Eustachio (D:4)
  2 ogres (D:5)
  2 scorpions (D:5)
  Dowan (D:5)
  A bombardier beetle (D:4)
  A hound (D:5)
  3 jellies
  A gnoll bouda (D:5)
  Ijyb (D:5)
  5 orc wizards
  4 gnolls (D:5)
  8 adders
  2 white imps
  2 ribbon worms
  3 adder simulacra (D:4)
  5 dart slugs
  15 orcs
  6 ball pythons
  8 endoplasms
  3 giant cockroaches
  8 goblins
  9 hobgoblins
  7 jackals
  14 kobolds
  2 quokkas
  5 bats
  5 frilled lizards
  5 rats
132 creatures vanquished.

Vanquished Creatures (others)
  A water moccasin (D:4)
1 creature vanquished.

Grand Total: 133 creatures vanquished

Notes
Turn   | Place    | Note
-------+----------+-------------------------------------------
     0 | D:1      | pokedragonboy the Tengu Air Elementalist began the quest
                  | for the Orb.
     0 | D:1      | Reached XP level 1. HP: 10/10 MP: 4/4
   230 | D:1      | Reached XP level 2. HP: 15/15 MP: 6/6
   247 | D:1      | Learned a level 2 spell: Static Discharge
   441 | D:1      | Reached skill level 2 in Conjurations
   858 | D:1      | Reached XP level 3. HP: 19/19 MP: 4/7
  1979 | D:2      | Reached XP level 4. HP: 24/24 MP: 4/9
  2050 | D:2      | Noticed Sigmund
  2061 | D:2      | Killed Sigmund
  2062 | D:2      | Reached skill level 4 in Conjurations
  2062 | D:2      | Reached skill level 5 in Air Magic
  2062 | D:2      | Reached XP level 5. HP: 23/28 MP: 1/11
  2062 | D:2      | Reached XP level 6. HP: 27/32 MP: 1/12
  2997 | D:3      | Found a faded altar of an unknown god.
  3234 | D:3      | Learned a level 4 spell: Airstrike
  3408 | D:3      | Identified the +4 ring mail "Fown" {rElec Regen+ Str+2
                  | Dex+2}
  3572 | D:4      | Noticed Eustachio
  3594 | D:4      | Found Asaojes's Distillery.
  3594 | D:4      | Killed a water moccasin
  3596 | D:4      | Bought a potion of heal wounds for 70 gold pieces
  3864 | D:4      | Killed Eustachio
  3865 | D:4      | Reached skill level 5 in Conjurations
  3865 | D:4      | Reached skill level 1 in Fire Magic
  3865 | D:4      | Gained mutation: Your magical flight helps you evade
                  | attacks. (EV +4) [Tengu growth]
  3865 | D:4      | Reached XP level 7. HP: 14/36 MP: 1/13
  4581 | D:4      | Noticed ezpacito's ghost (amateur CoCK)
  4604 | D:4      | Found a runed translucent gate.
  4604 | D:4      | Found a runed translucent gate.
  4604 | D:4      | Found a runed translucent gate.
  4853 | D:4      | Learned a level 3 spell: Swiftness
  4888 | D:4      | Killed ezpacito's ghost
  4889 | D:4      | Reached skill level 6 in Conjurations
  4889 | D:4      | Reached XP level 8. HP: 28/41 MP: 3/15
  5071 | D:5      | Entered Level 5 of the Dungeon
  5113 | D:5      | Noticed Prince Ribbit
  5125 | D:5      | Killed Prince Ribbit
  5126 | D:5      | Reached skill level 7 in Conjurations
  5221 | D:5      | Reached skill level 5 in Dodging
  5226 | D:5      | Found a burning altar of Makhleb.
  5226 | D:5      | Found a basalt altar of Yredelemnul.
  5260 | D:5      | Reached skill level 8 in Conjurations
  5300 | D:5      | Noticed Ijyb
  5311 | D:5      | Killed Ijyb
  5312 | D:5      | Reached skill level 5 in Spellcasting
  5736 | D:5      | Noticed Duvessa
  5736 | D:5      | Noticed Dowan
  5744 | D:5      | Killed Dowan
  5752 | D:5      | Slain by Duvessa

Illustrated notes

Levels and vault maps discovered:
D:1:      dpeg_arrival_arbitrary_b, layout_loops_corners, skrybe_limestone_x
D:2:      layout_loops_corners, lexackson_kobold_supper, uniq_sigmund
D:3:      layout_basic, ebering_ecumenical_altar_box, minmay_statues_item,
          minivault_24
D:4:      layout_loops_ring, serial_shops, shop, gammafunk_ghost_icy,
          kennysheep_pointless_box, roderic_roman_lattice, glass_columns_b,
          nrook_campfire, uniq_eustachio
D:5:      layout_basic, jmf_multi_god_temple, uniq_duvessa, uniq_ijyb,
          uniq_prince_ribbit1

Skill      XL: |  1  2  3  4  5  6  7  8 |
---------------+-------------------------+-----
Conjurations   | 2 4 5 6 8 |  8.7
Dodging        | 3 4 5 |  5.0
Spellcasting   | 3 4 5 |  5.1
Air Magic      | 5 6 7 |  7.9
Fire Magic     | 1 2 |  2.0
Stealth        | |  2.0

Action                     |  1- 3 |  4- 6 |  7- 9 || total
---------------------------+-------+-------+-------++-------
  Melee: Unarmed           |    16 |       |       ||    16
         Kick              |     7 |     1 |       ||     8
         Short sword       |     4 |     3 |       ||     7
         Peck              |     2 |       |     1 ||     3
         Staff             |       |     1 |     2 ||     3
   Cast: Shock             |    85 |    94 |    89 ||   268
         Static Discharge  |       |     8 |    25 ||    33
         Swiftness         |       |       |     2 ||     2
         Airstrike         |       |       |     2 ||     2
    Use: Potion            |       |     2 |     1 ||     3
         Scroll            |       |     4 |     4 ||     8
 Armour: Robe              |    24 |    37 |    48 ||   109
  Dodge: Dodged            |    37 |    42 |    36 ||   115

Table legend: (Time is in decaauts)
 A = Elapsed time spent in this place.
 B = Non-inter-level travel time spent in this place.
 C = Inter-level travel time spent in this place.
 D = Time resting spent in this place.
 E = Time spent auto-exploring this place.
 F = Levels seen in this place.
 G = Mean time per level.
                   A        B        C        D        E       F      G
               +--------+--------+--------+--------+--------+-----+--------+
         Total |   5748 |   5483 |    265 |    610 |   3951 |   5 | 1149.6 |
       Dungeon |   5748 |   5483 |    265 |    610 |   3951 |   5 | 1149.6 |
               +--------+--------+--------+--------+--------+-----+--------+

Top non-repeatable levels by time:
     D:2: 1489 daAuts
     D:4: 1477 daAuts
     D:1: 1407 daAuts
     D:3: 694 daAuts
     D:5: 679 daAuts
